 Dungeon Crawl Stone Soup version 0.17-a0-2002-g92c7e20 (webtiles) character file.

172 tp1 the Chopper (level 5, -2/47 HPs)
             Began as a Minotaur Berserker on Oct 8, 2015.
             Was a Believer of Trog.
             Slain by Pikel
             ... wielding a +2 whip of electrocution
              (20 damage)
             ... on level 4 of the Dungeon.
             The game lasted 00:07:11 (2135 turns).

tp1 the Chopper (Minotaur Berserker)                Turns: 2135, Time: 00:07:11

Health: -2/47      AC:  7    Str: 22    XL:     5   Next: 27%
Magic:  4/4        EV: 12    Int:  4    God:    Trog [**....]
Gold:   197        SH:  0    Dex: 10    Spells: 0 memorised, 4 levels left

rFire  . . .     SeeInvis .     y - +0 war axe
rCold  . . .     Clarity  .     r - +0 ring mail (curse)
rNeg   . . .     SustAt   .     (no shield)
rPois  .         Gourm    .     (helmet restricted)
rElec  .         Spirit   .     q - +1 cloak
rCorr  .         Warding  .     (no gloves)
rMut   .         Stasis   .     (no boots)
MR     .....                    (no amulet)
Stlth  ..........               (no ring)
                                (no ring)

@: not resistant to hostile enchantments, extremely unstealthy
A: retaliatory headbutt, horns 2
a: Burn Spellbooks, Berserk, Trog's Hand, Renounce Religion


You were on level 4 of the Dungeon.
You worshipped Trog.
Trog was pleased with you.
You were not hungry.

You visited 1 branch of the dungeon, and saw 4 of its levels.

You collected 197 gold pieces.

Inventory:

Hand Weapons
 t - a +0 flail
 y - a +0 war axe (weapon)
Armour
 b - a +0 animal skin
 p - a +0 leather armour
 q - a +1 cloak (worn)
 r - a cursed +0 ring mail (worn)
Wands
 w - a wand of heal wounds (5)
 x - a wand of flame (23)
Scrolls
 f - 2 scrolls of teleportation {unknown}
 g - a scroll of recharging {unknown}
 i - 2 scrolls of identify {unknown}
 l - 2 scrolls of fog {unknown}
 m - a scroll of amnesia {unknown}
 v - a scroll of enchant weapon {unknown}
Potions
 e - a potion of heal wounds {unknown}
 j - 7 potions of curing {unknown}
 k - a potion of agility {unknown}
Comestibles
 c - 4 bread rations
 d - 3 meat rations
 h - 2 beef jerkies
 u - 4 fruits


   Skills:
 + Level 4.6 Fighting
 + Level 5.4 Axes
 * Level 3.4 Armour
 + Level 3.3 Dodging


You had 4 spell levels left.
You didn't know any spells.

Dungeon Overview and Level Annotations

Branches:
Dungeon (4/15)
 Temple: D:4-7

Altars:
Elyvilon
Makhleb
Okawaru
Qazlal
Yredelemnul
Zin

Annotations:
D:4 Pikel


Innate Abilities, Weirdness & Mutations

You reflexively headbutt those who attack you in melee.
You have a pair of horns on your head.


Message History

You hit the orc.
The orc is severely wounded.
You hit the orc priest.
The orc priest is moderately wounded.
You closely miss Pikel.
Pikel is lightly wounded.
Pikel hits you but does no damage. The orc hits you but does no damage.
The orc priest barely misses you.
You hit the orc but do no damage.
The orc is severely wounded.
You closely miss Pikel.
Pikel is lightly wounded.
You hit the orc priest but do no damage.
The orc priest is moderately wounded.
Pikel closely misses you. The orc hits you with a flail.
The orc priest hits you with a dagger.
Pikel says, "I knew I should've brought a map."
Pikel hits you with a whip of electrocution.
You are electrocuted!
You die...

..
.#
.#
.#
.#
.#
##.#
#<.#
#@o#
#Ko#


ppp# ooo.# .....# ......# .....).. ....%.#.# You could see Pikel, 3 slaves, an
orc priest, an orc wizard and 3 orcs.

Vanquished Creatures
  An orc priest (D:3)
  Jessica (D:3)
  An orc wizard (D:4)
  3 adders
  An ooze (D:2)
  A worm (D:3)
  4 giant geckos
  5 orcs
  5 bats
  A bat zombie (D:1)
  3 giant cockroaches
  7 goblins
  4 hobgoblins
  A ball python zombie (D:1)
  2 giant newts
  11 kobolds
  6 rats
57 creatures vanquished.

Notes
Turn   | Place    | Note
--------------------------------------------------------------
     0 | D:1      | tp1 the Minotaur Berserker began the quest for the Orb.
     0 | D:1      | Reached XP level 1. HP: 19/19 MP: 0/0
   141 | D:1      | Reached skill level 4 in Axes
   141 | D:1      | Reached XP level 2. HP: 24/27 MP: 1/1
   422 | D:1      | Acquired Trog's second power
   619 | D:2      | Reached XP level 3. HP: 33/33 MP: 2/2
  1079 | D:2      | Found an iron altar of Okawaru.
  1084 | D:2      | Found a glowing silver altar of Zin.
  1084 | D:2      | Found a basalt altar of Yredelemnul.
  1140 | D:2      | Found a stormy altar of Qazlal.
  1141 | D:2      | Found a white marble altar of Elyvilon.
  1455 | D:3      | Reached XP level 4. HP: 41/41 MP: 3/3
  1492 | D:3      | Found a burning altar of Makhleb.
  1542 | D:3      | Reached skill level 5 in Axes
  1967 | D:3      | Noticed Jessica
  1970 | D:3      | Killed Jessica
  2038 | D:3      | Reached XP level 5. HP: 42/47 MP: 4/4
  2125 | D:4      | Noticed a slave
  2125 | D:4      | Noticed a slave
  2126 | D:4      | Noticed Pikel
  2126 | D:4      | Noticed a slave
  2128 | D:4      | Noticed a slave
  2135 | D:4      | Slain by Pikel

Vault maps used:
D:1:      saegor_arrival_fortress, hangedman_glass_teeth,
          minmay_misc_feat_nine_boxes, eino_curves_03, st_stairs_8,
          serial_bayou_lagoon_a, minmay_cupped
D:2:      wad_crossroads, grunt_temple_overflow_open,
          gammafunk_temple_overflow_statue
D:3:      bloody_makhleb, first_bread, uniq_jessica
D:4:      vehumet_altar_wand_db, uniq_pikel

Action                   |  1- 3 |  4- 6 || total
-------------------------+-------+-------++-------
Melee: Hand axe          |    99 |     9 ||   108
       Flail             |       |    14 ||    14
       War axe           |       |    13 ||    13
 Stab: Sleeping          |     2 |       ||     2
  Eat: Chunk             |     1 |     3 ||     4
